 Dungeon Crawl Stone Soup version 0.20.1-1-g8b1a95d (webtiles) character file.

911111 equalderp2856 the Axe Maniac (level 27, -5/191 HPs)
             Began as a Minotaur Fighter on Sept 19, 2017.
             Killed from afar by a starcursed mass (8 damage)
             ... with an accursed screaming
             ... on level 5 of the Abyss on Sept 21, 2017.
             The game lasted 17:17:34 (228711 turns).

equalderp2856 the Axe Maniac (Minotaur Fighter)   Turns: 228711, Time: 17:17:35

Health: -5/191     AC: 35    Str: 20      XL:     27
Magic:  36/36      EV: 12    Int:  5 (7)  God:
Gold:   6638       SH: 28    Dex: 10      Spells: 46/54 levels left

rFire    + + .     SeeInvis .   P - +8 mithril axe "Arga" {speed, MR+}
rCold    . . .     Gourm    +   y - +2 large shield
rNeg     . . .     Faith    .   K - +7 plate armour "Hoh Ylun" {Regen+}
rPois    .         Spirit   .   R - +2 hat
rElec    +         Reflect  .   (no cloak)
rCorr    +         Harm     .   d - +2 pair of gloves of Opsu {rElec MP+9 Slay+3}
MR       ++++.     Rnd*Rage +   Q - +2 pair of boots {Stlth+} Stlth ..........Rnd*Tele +
                                B - amulet of the gourmand
Regen    0.0/turn               e - ring "Wowanyd" {rCorr +Fly}
MPRegen  0.3/turn               (no ring)

@: no status effects
A: retaliatory headbutt, horns 2, thin metallic scales 1, berserk 1[+2], blurry
vision 2[+1], clumsy 1[+1], deformed body, [deterioration 2], [dopey 2], fire
resistance 2, frail 1[+2], [low mp 3], magic resistance 1, [screaming 3],
[inhibited regeneration], [teleportitis 3], weak 1[+1], no potion heal 1[+2],
[subdued magic 3], MP-powered wands
}: 5/15 runes: barnacled, slimy, silver, abyssal, gossamer
a: Evoke Flight


You were on level 5 of the Abyss.
You were not hungry.

You visited 12 branches of the dungeon, and saw 55 of its levels.
You visited the Abyss 2 times.
You visited 1 bazaar.
You also visited: Ossuary, Bailey and Desolation.

You collected 9879 gold pieces.
You spent 3241 gold pieces at shops.

Inventory:

Hand Weapons
 i - the +6 broad axe "Orb Guardian's Peril" {chaos, Dex+5}
   (You found it on level 5 of the Pits of Slime)

   Each time it hits an enemy it has a different, random effect.
   It affects your dexterity (+5).
 q - a +1 whip
 P - the +8 mithril axe "Arga" (weapon) {speed, MR+}
   (You found it on level 9 of the Dungeon)

   Attacks with this weapon are significantly faster.
   It affects your resistance to hostile enchantments.
 T - a +2 broad axe
 X - the +3 arbalest of Resumed Hostilities {velocity, +Blink rElec rPois Str+4, unknown}
   (You found it on level 5 of the Abyss)

   Any bolt fired from it inflicts extra damage.
   It affects your strength (+4).
   It insulates you from electricity.
   It protects you from poison.
   It lets you blink.
 Z - the +11 bardiche of Karma {chop, rElec Int-2 Stlth+}
   (You found it in the Desolation of Salt)

   It inflicts extra damage upon your enemies.
   It affects your intelligence (-2).
   It insulates you from electricity.
   It makes you more stealthy.
Armour
 d - the +2 pair of gloves of Opsu (worn) {rElec MP+9 Slay+3}
   (You bought it in a shop in a bazaar)

   It affects your accuracy and damage with ranged weapons and melee attacks
   (+3).
   It insulates you from electricity.
   It affects your magic capacity (+9).
 l - the +4 shield of Tego {rF+ rN+}
   (You took it off Donald on level 1 of the Vaults)

   It protects you from fire.
   It protects you from negative energy.
 y - a +2 large shield (worn)
 C - the -2 hat of the Alchemist {rElec rPois rF+ rC+ rN+ MR+ rMut rCorr}
   (You found it on level 5 of the Dungeon)

   It protects you from fire.
   It protects you from cold.
   It insulates you from electricity.
   It protects you from poison.
   It protects you from negative energy.
   It affects your resistance to hostile enchantments.
   It protects you from acid and corrosion.
   It protects you from mutation.
 K - the +7 plate armour "Hoh Ylun" (worn) {Regen+}
   (You found it on level 5 of the Depths)

   It increases your rate of regeneration.
 L - the scarf "Koexkah" {-Tele rElec Str+6 Slay+6}
   (You found it on level 5 of the Pits of Slime)

   It affects your strength (+6).
   It affects your accuracy and damage with ranged weapons and melee attacks
   (+6).
   It insulates you from electricity.
   It prevents most forms of teleportation.
 Q - a +2 pair of boots of stealth (worn)
 R - a +2 hat (worn)
 S - a +0 pair of boots of running
 V - a +2 hat of magic resistance
Jewellery
 b - an uncursed amulet of rage
 c - the ring "Pausk" {rElec rC- MR+ Str+6 SInv}
   (You found it in the Desolation of Salt)

   [ring of see invisible]

   It affects your strength (+6).
   It makes you vulnerable to cold.
   It insulates you from electricity.
   It affects your resistance to hostile enchantments.
   It lets you see invisible.
 e - the ring "Wowanyd" (left hand) {rCorr +Fly}
   (You found it in the Desolation of Salt)

   [ring of resist corrosion]

   It lets you fly.
 v - a +2 ring of strength {unknown}
 x - a +6 ring of evasion
 B - an amulet of the gourmand (around neck)
 I - the ring "Enosmili" {rPois rC- MR++ EV+2 SInv}
   (You took it off a vault warden on level 5 of the Vaults)

   [ring of evasion]

   It affects your evasion (+2).
   It makes you vulnerable to cold.
   It protects you from poison.
   It affects your resistance to hostile enchantments.
   It lets you see invisible.
 W - an uncursed amulet of guardian spirit
Wands
 G - a wand of lightning (11/15)
Scrolls
 a - 42 scrolls of remove curse
 f - 13 scrolls of magic mapping
 g - 8 scrolls of fear
 h - a scroll of holy word
 m - 27 scrolls of identify
 n - 3 scrolls of silence
 p - 4 scrolls of amnesia
 u - a scroll of enchant weapon
 A - 8 scrolls of blinking
 E - 4 scrolls of summoning
 H - 3 scrolls of fog
 J - 22 scrolls of teleportation
Potions
 j - 14 potions of haste
 k - 8 potions of might
 o - 13 potions of heal wounds
 r - 3 potions of brilliance
 s - a potion of resistance
 D - 15 potions of curing
 M - 8 potions of agility
 N - a potion of ambrosia
Books
 w - a Grand Grimoire

   Spells                             Type                      Level
   a - Monstrous Menagerie            Summoning                    7
   b - Summon Greater Demon           Summoning                    7
   c - Malign Gateway                 Summoning/Translocation      7
   d - Summon Horrible Things         Summoning                    8
Miscellaneous
 F - a phial of floods
 O - the horn of Geryon
 U - a lamp of fire
Comestibles
 t - 31 bread rations
 z - 7 meat rations
 Y - a royal jelly


   Skills:
 O Level 27 Fighting
 O Level 27 Axes
 - Level 5.4(19.2) Polearms
 - Level 0.4 Throwing
 - Level 25.0 Armour
 - Level 11.1 Dodging
 - Level 5.2 Stealth
 O Level 27 Shields
 - Level 14.2 Spellcasting
 * Level 16.9 Charms
 - Level 8.4 Necromancy
 - Level 12.2 Translocations
 - Level 10.2 Evocations


You had 46 spell levels left.
You knew the following spells:

 Your Spells              Type           Power        Failure   Level  Hunger
a - Regeneration          Chrm/Necr      #.........   1%          3    ###....
b - Blink                 Tloc           N/A          1%          2    ##.....
c - Passwall              Tmut/Erth      #.........   54%         2    ##.....
d - Infusion              Chrm           ##..         0%          1    None


Dungeon Overview and Level Annotations

Branches:
Dungeon (15/15)            Temple (0/1) D:4            Lair (6/6) D:10
 Shoals (4/4) Lair:4       Spider (4/4) Lair:4        Slime (5/5) Lair:6
    Orc (2/2) D:9             Elf (3/3) Orc:2        Vaults (5/5) D:13
  Crypt (3/3) Vaults:3       Tomb (0/3) Crypt:3      Depths (5/5) D:15
   Hell (1/1)                 Dis (0/7) Hell            Geh (2/7) Hell
    Coc (0/7) Hell            Tar (0/7) Hell            Zot (0/5) Depths:5

Altars:
Ashenzari
Elyvilon
Fedhas
Gozag
Kikubaaqudgha
Makhleb
Okawaru
Qazlal
Sif Muna
Trog
Yredelemnul
The Shining One
Beogh
Jiyva

Shops:
D:3 *   D:4 %   Orc:2 %}[:   Elf:1 %=   Shoals:1 !   Vaults:5 %!!(
Depths:2 }}=   Depths:4 **=

Portals:
Hell: Depths:1 Depths:2 Depths:3 Depths:4 Depths:5
Abyss: Depths:2 Depths:4
Pandemonium: Depths:3
Ziggurat: Depths:1

Annotations:
D:5 1 runed door


Innate Abilities, Weirdness & Mutations

You reflexively headbutt those who attack you in melee.
You have a pair of horns on your head.
You are partially covered in thin metallic scales. (AC +2)
Armour fits poorly on your strangely shaped body.
Your flesh is very heat resistant. (rF++)
You are resistant to hostile enchantments. (MR+)
You expend magic power (3 MP) to strengthen your wands.
[You have an uncontrollable temper.]
[Scrolls take you much longer to read.]
[You are very clumsy. (Dex -4)]
[Your body often deteriorates upon taking damage.]
[You are very dopey. (Int -4)]
[You are extremely frail. (-30% HP)]
[Your magical capacity is extremely low. (-30% MP)]
[You frequently scream uncontrollably at your foes.]
[You do not regenerate when monsters are visible.]
[You are often teleported next to monsters.]
[You are very weak. (Str -4)]
[Potions cannot restore your health.]
[Your spells are much easier to cast, but much less powerful.]


Message History

You block the thrashing horror's attack. x2
The thrashing horror tramples you but does no damage.
The thrashing horror barely misses you.
A deafening chorus of shrieks assaults your mind!
* * * LOW HITPOINT WARNING * * *
The wretched star pulses with an eldritch light!
The thrashing horror tramples you.
* * * LOW HITPOINT WARNING * * *
You hold your ground!
You block the thrashing horror's attack.
The raiju closely misses you. You furiously retaliate!
You headbutt the raiju! The chaos spawn barely misses you.
The yellow draconian hits you but does no damage.
You continue reading the scroll.
You recover from your berserk rage.
The raiju barks!
The thrashing horror roars!
You block the thrashing horror's attack.
The thrashing horror barely misses you.
A deafening chorus of shrieks assaults your mind!
You die...

#.#. ...h .#.
### #..# . .. ..
# #. . #.###X
....# #.§Eh##.
.X.. #.##4@#..X.
. . #X*dXX##..
.#.. .
###*X##XXX.....
. #...x##XXX..
#. . ###..#
#..†...... #
.##)).#......#.
. #...#..*.#
†#.....#
####.#.#...†...#
.. . ###.x.. #!
. .


You could see 7 starcursed masses, a yellow draconian, 2 wretched stars, 3
thrashing horrors, a large abomination, 2 raiju, a fire elemental, a chaos spawn
and a small abomination.

Vanquished Creatures
  the Royal Jelly (Slime:5)
  Mara (Depths:1)
  3 ancient liches
  2 juggernauts
  Sojobo (Depths:2)
  3 greater mummies (Depths:2)
  Bai Suzhen (Vaults:2)
  Saint Roka (Vaults:4)
  7 golden dragons
  Geryon (Hell)
  7 profane servitors
  Nikola (Elf:1)
  5 caustic shrikes (Depths:5)
  The ghost of Monsterracer the Brawler, an adept DrTm of Makhleb (Slime:5)
  the Enchantress (Depths:3)
  8 bone dragons
  14 Brimstone Fiends
  2 hellephants
  Jorgrun (Shoals:4)
  Rupert (D:12)
  6 tentacled monstrosities
  An Ice Fiend (Geh:1)
  5 deep elf blademasters
  The ghost of Ijustatesigmund the Severer, an adept HOFi of Cheibriados (Elf:3)
  Asterion (Depths:2)
  2 quicksilver dragons
  10 titans
  28 acid blobs
  15 liches
  An Executioner (Abyss:1)
  30 tentacled starspawn
  Polyphemus (Shoals:4)
  2 deep elf master archers (Elf:3)
  3 ancient champions
  Murray (Hell)
  9 sphinxes
  2 eldritch tentacles
  14 tengu reavers
  Agnes (Elf:1)
  2 krakens
  Kirke (Elf:1)
  10 shadow dragons
  A thorn hunter (Abyss:3)
  3 daevas
  4 storm dragons
  Donald (Vaults:1)
  Ilsuiw (Shoals:3)
  13 fire giants
  14 azure jellies
  8 iron dragons
  3 draconian knights
  14 deep elf sorcerers
  4 cacodemons
  4 balrugs
  3 curse skulls
  5 imperial myrmidons (Desolation)
  2 angels
  A draconian stormcaller (Abyss:1)
  13 frost giants
  23 vault wardens
  6 deep elf elementalists (Elf:3)
  6 ghost moths
  8 emperor scorpions
  15 ghouls
  10 spriggan defenders
  50 very ugly things
  A caustic shrike skeleton (Depths:3)
  3 war gargoyles
  27 stone giants
  The ghost of Asgaroth the Bludgeoner, a journeyman DsGl of Makhleb (Orc:1)
  18 ironheart preservers
  7 reapers
  8 deep elf demonologists
  4 entropy weavers
  9 vampire knights
  5 lorocyprocas
  A spark wasp (shapeshifter) (Elf:1)
  A dire elephant (Lair:6)
  3 purple draconians
  Azrael (Spider:2)
  A halazid warlock (Desolation)
  10 deep elf annihilators
  15 spark wasps
  A red draconian (Depths:5)
  A yellow draconian (Depths:5)
  23 ettins
  19 eidola
  5 merfolk javelineers (Shoals:4)
  3 crystal guardians
  5 blizzard demons
  Snorg (Orc:2)
  3 green deaths (Abyss:1)
  12 deep elf death magi
  3 mummy priests
  15 jiangshi
  11 merfolk impalers
  9 deep elf high priests
  7 death oozes
  Josephine (Lair:3)
  16 fire dragons
  14 great orbs of eyes
  3 merfolk avatars
  The ghost of vatarom the Ripper, a journeyman FeBe of Trog (D:12)
  2 quicksilver dragon skeletons (Hell)
  11 ragged hierophants
  24 yaktaur captains
  30 vault guards
  Harold (Lair:2)
  15 rakshasas
  8 servants of whispers (Desolation)
  13 peacekeepers (Desolation)
  9 spriggan air magi
  A naga warrior (Abyss:5)
  A catoblepas (shapeshifter) (Depths:2)
  2 catoblepae
  A juggernaut simulacrum (Depths:3)
  14 ice dragons
  4 merfolk aquamancers
  3 alligator snapping turtles
  14 hydras
  4 death knights
  95 two-headed ogres
  40 dancing weapons
  20 deep troll shamans
  11 death yaks
  6 tengu warriors
  A satyr (Shoals:2)
  15 centaur warriors
  2 satyrs (shapeshifter)
  14 hell hogs
  2 orc high priests
  7 spriggan berserkers
  39 thrashing horrors
  15 vampire magi
  42 hell knights
  A shock serpent (shapeshifter) (Elf:3)
  29 ogre magi
  11 deep troll earth magi
  2 storm dragon zombies
  14 sun demons
  6 iron trolls
  13 sixfirhies
  6 soul eaters
  52 small abominations
  An iron golem (Hell)
  30 skeletal warriors
  3 titan skeletons
  25 deep elf knights
  A fire crab (Lair:1)
  21 wretched stars
  6 shadow wraiths
  7 spatial maelstroms
  A golden dragon zombie (Geh:1)
  7 anaconda zombies
  A ghost moth zombie (Geh:1)
  A shambling mangrove (Abyss:3)
  2 spark wasp zombies (D:15)
  11 sea snakes
  3 unseen horrors (shapeshifter)
  5 unseen horrors
  39 deep trolls
  12 glowing orange brains
  90 starcursed masses
  2 lindwurms (shapeshifter)
  11 wizards
  15 flayed ghosts
  18 ironbrand convokers
  33 phantasmal warriors
  22 orc knights
  An anaconda skeleton (Hell)
  A lindwurm (Lair:6)
  26 deep elf archers
  10 wolf spider zombies
  3 shadow dragon zombies
  A golden dragon skeleton (Geh:2)
  A mana viper (Abyss:3)
  49 wolf spiders
  A harpy (shapeshifter) (Elf:2)
  27 orb spiders
  72 ugly things
  A tengu zombie (Vaults:5)
  18 harpies
  The ghost of hilaritas the Frost Mage, a novice DEIE of Vehumet (D:8)
  2 oklob plants
  A sphinx skeleton (Depths:1)
  6 orc sorcerers
  A salamander (shapeshifter) (Abyss:5)
  28 necromancers
  3 shadow dragon skeletons
  117 deep elf magi
  A frost giant zombie (Hell)
  12 cyclopes
  A manticore (shapeshifter) (Vaults:4)
  14 shining eyes
  2 tengu skeletons
  A moth of wrath (Spider:4)
  15 fauns
  6 stone giant zombies
  12 worldbinders
  6 guardian serpents
  13 manticores
  An iron dragon skeleton (Geh:1)
  2 elephants (Lair:6)
  2 salamanders (Abyss:3)
  3 fire giant skeletons
  13 merfolk sirens
  4 frost giant skeletons
  7 rust devils
  A moth of wrath (shapeshifter) (Vaults:3)
  3 dire elephant zombies
  4 molten gargoyles
  A torpor snail (Lair:1)
  A torpor snail (shapeshifter) (Vaults:5)
  9 apocalypse crabs
  7 water nymphs
  20 vault sentinels
  Psyche (D:8)
  A naga mage (Abyss:3)
  A white draconian zombie (Geh:1)
  3 eyes of devastation
  An eye of devastation (shapeshifter) (D:15)
  5 black mambas
  3 spiny frogs (shapeshifter)
  15 spiny frogs
  2 gargoyles (D:15)
  5 spectral swamp worms (Depths:2)
  74 large abominations
  30 smoke demons
  11 hellions
  2 dire elephant skeletons
  A shock serpent skeleton (Geh:1)
  2 guardian serpents (shapeshifter)
  An emperor scorpion zombie (Abyss:3)
  7 orange demons
  2 kobold demonologists
  A rime drake (shapeshifter) (Vaults:1)
  4 rime drakes
  A yaktaur zombie (D:15)
  9 efreet
  122 yaktaurs
  A catoblepas skeleton (Geh:1)
  20 demonic crawlers
  7 komodo dragons
  8 ice devils
  A komodo dragon (shapeshifter) (Elf:3)
  9 redback zombies
  3 hellwings
  29 ancient zymes
  17 freezing wraiths
  6 hydra zombies
  17 red devils
  10 tormentors
  6 guardian mummies
  A queen bee (Lair:3)
  2 tengu conjurers (Depths:3)
  9 wind drakes
  2 jumping spiders (shapeshifter)
  19 trolls
  2 polar bears (shapeshifter)
  A harpy zombie (Geh:2)
  42 merfolk
  3 meliai (D:15)
  A purple draconian skeleton (Hell)
  32 jumping spiders
  2 harpy skeletons
  13 hornets
  69 saltlings
  A bog body (Crypt:1)
  2 ice dragon zombies
  Grinder (D:4)
  96 slime creatures
  4 fire dragon zombies
  9 tarantella zombies (Spider:1)
  87 raiju
  2 stone giant simulacra
  10 dream sheep
  An alligator zombie (Crypt:3)
  A hydra skeleton (Abyss:3)
  24 hippogriffs
  2 blink frogs (shapeshifter)
  27 blink frogs
  6 ettin zombies
  A dream sheep (shapeshifter) (D:13)
  A frost giant simulacrum (Hell)
  22 snapping turtles
  A hippogriff (shapeshifter) (Abyss:3)
  3 ettin skeletons
  19 air elementals
  42 flying skulls
  86 redbacks
  A vampire (Abyss:3)
  3 ice dragon skeletons
  13 spriggans
  29 water elementals
  3 fire dragon skeletons
  A dire elephant simulacrum (Abyss:4)
  38 tarantellas
  An ushabti (Crypt:3)
  16 shadows
  16 ynoxinuls
  31 wraiths
  2 wyverns
  2 humans (shapeshifter)
  28 fire elementals
  7 hogs
  64 yaks
  26 golden eyes
  A basilisk (shapeshifter) (Vaults:3)
  5 basilisks
  22 humans
  11 vampire mosquitoes
  25 neqoxecs
  15 chaos spawn
  5 hungry ghosts
  10 wargs
  6 nagas
  14 insubstantial wisps
  2 acid dragons
  A soldier ant (D:14)
  7 spatial vortices
  The ghost of Ymberti the Firebug, an amateur DEFE (D:4)
  A hydra simulacrum (Hell)
  30 hell hounds
  3 spiny frog zombies
  55 orc warriors
  19 water moccasins
  2 deep troll skeletons
  A spriggan simulacrum (Depths:1)
  2 floating eyes
  5 sky beasts
  7 ice beasts
  7 porcupines
  A sky beast (shapeshifter) (Depths:1)
  12 eyes of draining
  7 phantoms
  2 black bears
  22 necrophages
  80 ogres
  A snapping turtle zombie (Geh:1)
  9 boggarts
  An ettin simulacrum (Vaults:1)
  25 centaurs
  A snapping turtle skeleton (Hell)
  22 wolves
  15 crocodiles
  4 elf zombies
  4 big kobolds
  2 human zombies
  Blork the orc (D:5)
  18 bullfrogs
  A salamander zombie (Crypt:1)
  5 earth elementals
  A spiny frog simulacrum (Hell)
  An elf skeleton (D:7)
  11 wyvern skeletons
  8 scorpions
  A water moccasin skeleton (Crypt:1)
  43 killer bees
  A raiju zombie (Crypt:2)
  2 elf simulacra (Vaults:3)
  5 howler monkeys
  70 wights
  8 electric eels
  8 crimson imps
  2 human simulacra
  16 quasits
  3 bullfrog zombies
  2 centaur zombies
  A black bear zombie (Crypt:1)
  31 orc wizards
  Crazy Yiuf (D:2)
  2 bullfrog skeletons
  18 orc priests
  13 hounds
  11 jellies
  3 centaur skeletons
  9 iron imps
  3 human skeletons
  6 iguanas
  20 worker ants
  Natasha (thrice) (D:4)
  9 hell rats
  2 yak simulacra (Lair:4)
  3 polar bear simulacra (Lair:4)
  5 wolf simulacra (Lair:4)
  A killer bee zombie (D:6)
  A felid zombie (Crypt:2)
  An acid dragon zombie (Crypt:1)
  A hound zombie (D:11)
  2 hound skeletons
  4 mummies
  A howler monkey zombie (D:11)
  3 worker ant zombies
  A howler monkey skeleton (Crypt:1)
  A gnoll (Bailey)
  A steam dragon zombie (Crypt:2)
  17 adders
  5 shadow imps
  12 white imps
  9 ufetubi
  2 oozes
  An adder skeleton (D:8)
  An adder zombie (D:9)
  4 worms
  A barachi zombie (Crypt:2)
  3 dart slugs
  8 leopard geckos
  118 orcs
  A ball python (D:1)
  7 giant cockroaches
  17 goblins
  11 hobgoblins
  17 jackals
  5 quokkas
  A ball python skeleton (D:4)
  8 bats
  13 frilled lizards
  A frilled lizard skeleton (Crypt:2)
  A gnoll skeleton (Crypt:1)
  2 goblin zombies (Ossuary)
  A hobgoblin skeleton (Crypt:2)
  4 hobgoblin zombies (Ossuary)
  27 kobolds
  4 kobold zombies (Ossuary)
  2 orc skeletons (D:7)
  2 orc zombies
  A quokka skeleton (Crypt:1)
  A quokka zombie (Crypt:2)
  11 rats
  A rat zombie (Crypt:1)
  A river rat simulacrum (Lair:4)
  A butterfly (Lair:1)
  4 crawling corpses
  A fire vortex (Geh:2)
  7 fungi
  3 lurking horrors
  23 plants
  26 starspawn tentacles
  6 tentacles
  7 withered plants (Crypt:3)
4778 creatures vanquished.

Vanquished Creatures (collateral kills)
  A neqoxec (Abyss:1)
  A hell hound (Abyss:3)
2 creatures vanquished.

Vanquished Creatures (others)
  A draconian knight (Depths:5)
  A lorocyproca (Hell)
  3 merfolk javelineers (Shoals:4)
  A merfolk aquamancer (Shoals:4)
  A centaur warrior (D:15)
  3 hell hogs
  An ogre mage (Vaults:2)
  3 satyrs
  2 deep elf knights
  A wolf spider (Spider:3)
  An orb spider (Spider:1)
  2 deep elf magi (Elf:1)
  2 manticores (Shoals:3)
  9 fauns
  2 cyclopes
  A storm dragon simulacrum (D:10)
  An efreet (Abyss:4)
  A yaktaur (Vaults:4)
  An ancient zyme (Abyss:3)
  An ettin zombie (Geh:2)
  A ynoxinul (Abyss:1)
  A shadow (Geh:1)
  A flying skull (Abyss:4)
  A human (Elf:1)
  A large abomination (Abyss:3)
  A golden eye (Abyss:3)
  A hell hound (Geh:1)
  2 orc warriors
  2 ogres (Vaults:3)
  A boggart (Depths:3)
  7 centaurs
  A wight (Geh:1)
  A quasit (Abyss:3)
  2 small abominations
  An orc (D:7)
  12 kobolds
  A crawling corpse (Elf:3)
  19 fungi
  5 lurking horrors
  11 plants
  75 starspawn tentacles
  6 tentacles
  3 withered plants (Crypt:3)
194 creatures vanquished.

Grand Total: 4974 creatures vanquished

Notes
Turn   | Place    | Note
-------+----------+-------------------------------------------
     0 | D:1      | equalderp2856 the Minotaur Fighter began the quest for the Orb.
     0 | D:1      | Reached XP level 1. HP: 19/19 MP: 0/0
    88 | D:1      | Reached XP level 2. HP: 27/27 MP: 1/1
   320 | D:1      | Reached XP level 3. HP: 33/33 MP: 2/2
   573 | D:2      | Found a runed door.
   925 | D:2      | Found an ancient bone altar of Kikubaaqudgha.
   935 | D:2      | Found a blossoming altar of Fedhas.
   938 | D:2      | Found an opulent altar of Gozag.
  1239 | D:2      | Noticed Crazy Yiuf
  1243 | D:2      | Killed Crazy Yiuf
  1243 | D:2      | Reached XP level 4. HP: 31/40 MP: 3/3
  1533 | D:4      | Found Jeimir's Food Boutique.
  1536 | D:4      | Reached XP level 5. HP: 32/47 MP: 4/4
  1562 | D:4      | Found a shattered altar of Ashenzari.
  1565 | D:4      | Noticed Natasha
  1575 | D:4      | Killed Natasha
  1755 | D:4      | Found a glowing golden altar of the Shining One.
  1759 | D:4      | Found a shattered altar of Ashenzari.
  1759 | D:4      | Found a deep blue altar of Sif Muna.
  1759 | D:4      | Found a bloodstained altar of Trog.
  1768 | D:4      | Noticed Grinder
  2206 | D:3      | Found an opulent altar of Gozag.
  2210 | D:3      | Found Gozag's Platinum Reserve.
  2426 | D:3      | Reached skill level 1 in Dodging
  2426 | D:3      | Reached XP level 6. HP: 40/55 MP: 5/5
  2582 | D:3      | Reached skill level 5 in Fighting
  2582 | D:3      | Reached skill level 5 in Axes
  2582 | D:3      | Reached skill level 5 in Armour
  2751 | D:4      | Reached skill level 5 in Shields
  2760 | D:4      | Noticed Ymberti's ghost (amateur DEFE)
  2769 | D:4      | Killed Ymberti's ghost
  2769 | D:4      | Reached XP level 7. HP: 35/61 MP: 6/6
  2967 | D:4      | Found a staircase to the Ecumenical Temple.
  3059 | D:4      | Noticed Natasha
  3065 | D:4      | Killed Natasha
  3105 | D:4      | Killed Grinder
  3293 | D:4      | Noticed Natasha
  3295 | D:4      | Killed Natasha
  3916 | D:5      | Entered Level 5 of the Dungeon
  3922 | D:5      | Reached XP level 8. HP: 70/70 MP: 7/7
  4046 | D:5      | Found a runed door.
  4046 | D:5      | Found a white marble altar of Elyvilon.
  4046 | D:5      | Noticed an angel
  4059 | D:5      | Noticed Blork the orc
  4064 | D:5      | Killed Blork the orc
  4378 | D:5      | Reached skill level 1 in Stealth
  5083 | D:6      | Found a stormy altar of Qazlal.
  5164 | D:6      | Reached XP level 9. HP: 78/78 MP: 8/8
  5267 | D:6      | Found a bloodstained altar of Trog.
  5555 | D:7      | Found a sand-covered staircase.
  5560 | Ossuary  | Entered an ossuary
  5817 | Ossuary  | Reached skill level 10 in Axes
  7149 | D:8      | Noticed Psyche
  7188 | D:8      | Killed Psyche
  7233 | D:8      | Noticed hilaritas's ghost (novice DEIE)
  7497 | D:7      | Reached XP level 10. HP: 77/88 MP: 9/9
  7560 | D:8      | Killed hilaritas's ghost
  7932 | D:8      | Noticed a two-headed ogre
  8613 | D:9      | Found a flagged portal.
  8628 | D:9      | Got a pitted hand axe
  8651 | D:9      | Identified the +6 hand axe "Xoed" {chop, rElec} (You found it on level 9 of the Dungeon)
  8654 | Bailey   | Entered a bailey
  8773 | Bailey   | Noticed an orc knight
  8789 | Bailey   | Killed an orc knight
  8849 | Bailey   | Noticed an orc knight
  8879 | Bailey   | Killed an orc knight
  9278 | D:9      | Found a burning altar of Makhleb.
  9326 | D:9      | Learned a level 3 spell: Regeneration
 10201 | D:9      | Found a staircase to the Orcish Mines.
 11194 | D:9      | Reached XP level 11. HP: 94/97 MP: 10/10
 11653 | D:10     | Entered Level 10 of the Dungeon
 11836 | D:10     | Found a staircase to the Lair.
 12264 | D:10     | Reached skill level 10 in Armour
 12419 | Lair:1   | Entered Level 1 of the Lair of Beasts
 12517 | D:10     | Reached skill level 5 in Dodging
 13561 | Lair:1   | Reached skill level 10 in Fighting
 14357 | Lair:2   | Noticed an oklob plant
 14379 | Lair:2   | Killed an oklob plant
 14479 | Lair:2   | Noticed Harold
 14493 | Lair:2   | Killed Harold
 15270 | Lair:3   | Reached XP level 12. HP: 89/106 MP: 11/11
 15470 | Lair:3   | Noticed a death yak
 15470 | Lair:3   | Reached skill level 10 in Shields
 15487 | Lair:3   | Killed a death yak
 15736 | Lair:3   | Got a wavering golden ring
 16295 | Lair:4   | Noticed a six-headed hydra
 16473 | Lair:4   | Noticed Josephine
 16506 | Lair:3   | Killed Josephine
 16506 | Lair:3   | Reached skill level 15 in Axes
 16748 | Lair:4   | Killed a six-headed hydra
 16834 | Lair:4   | Found a staircase to the Shoals.
 16996 | Lair:4   | Reached skill level 1 in Polearms
 17113 | Lair:4   | Found a hole to the Spider Nest.
 17251 | Lair:4   | Noticed a six-headed hydra
 17263 | Lair:4   | Killed a six-headed hydra
 17633 | Lair:5   | Noticed a four-headed hydra
 17795 | Lair:5   | Killed a four-headed hydra
 18737 | Lair:6   | Entered Level 6 of the Lair of Beasts
 18744 | Lair:6   | Reached XP level 13. HP: 116/116 MP: 12/12
 19525 | Lair:6   | Found a runed door.
 19526 | Lair:6   | Found a viscous altar of Jiyva.
 19527 | Lair:6   | Found a staircase to the Slime Pits.
 19527 | Lair:6   | Noticed an acid blob
 21683 | Lair:6   | Noticed a dire elephant
 21700 | Lair:6   | Killed a dire elephant
 21854 | Lair:6   | Killed an acid blob
 21854 | Lair:6   | Reached XP level 14. HP: 34/126 MP: 13/13
 22282 | Lair:1   | Identified the ring "Jeet" {rElec MR+ Str+4 Dex+5} (You found it on level 3 of the Lair of Beasts)
 23330 | Orc:1    | Entered Level 1 of the Orcish Mines
 23389 | Orc:1    | Noticed Asgaroth's ghost (journeyman DsGl)
 23400 | Orc:1    | Killed Asgaroth's ghost
 23690 | Orc:2    | Entered Level 2 of the Orcish Mines
 23849 | Orc:2    | Found a staircase to the Elven Halls.
 23901 | Orc:2    | Noticed Snorg
 23909 | Orc:2    | Killed Snorg
 23954 | Orc:2    | Found Suraisar's Gadget Emporium.
 23988 | Orc:2    | Found Iwoss's Food Shop.
 23990 | Orc:2    | Found Romudgho's Book Shoppe.
 23993 | Orc:2    | Found Oliuxenayk's Antique Armour Emporium.
 25723 | Orc:2    | Bought a runed plate armour for 1014 gold pieces
 27360 | D:12     | Noticed vatarom's ghost (journeyman FeBe)
 27383 | D:12     | Killed vatarom's ghost
 27761 | D:12     | Reached skill level 1 in Evocations
 28154 | D:12     | Reached XP level 15. HP: 120/136 MP: 14/14
 28621 | D:13     | Noticed Rupert
 28678 | D:12     | Killed Rupert
 28877 | D:13     | Found a gate to the Vaults.
 30217 | D:14     | Reached skill level 5 in Polearms
 30472 | D:15     | Entered Level 15 of the Dungeon
 31185 | D:15     | Reached skill level 15 in Fighting
 31469 | D:15     | Found a staircase to the Depths.
 31881 | Shoals:1 | Entered Level 1 of the Shoals
 32153 | Shoals:1 | Found Kuplug's Distillery.
 32327 | Shoals:1 | Reached skill level 15 in Armour
 32327 | Shoals:1 | Reached skill level 15 in Shields
 32446 | Shoals:1 | Paralysed by fainting for 9 turns
 32458 | Shoals:1 | Reached XP level 16. HP: 93/149 MP: 15/15
 32461 | Shoals:1 | Paralysed by fainting for 11 turns
 36520 | Shoals:4 | Entered Level 4 of the Shoals
 37071 | Shoals:4 | Noticed Jorgrun
 37092 | Shoals:4 | Killed Jorgrun
 37118 | Shoals:4 | Noticed Polyphemus
 37130 | Shoals:4 | Killed Polyphemus
 37152 | Shoals:4 | Noticed Ilsuiw
 37273 | Shoals:3 | Reached XP level 17. HP: 156/158 MP: 16/16
 37274 | Shoals:3 | Killed Ilsuiw
 37728 | Shoals:4 | Got a barnacled rune of Zot
 39720 | Shoals:4 | Noticed a kraken
 39738 | Shoals:4 | Killed a kraken
 40285 | Lair:4   | Reached skill level 1 in Spellcasting
 40346 | Spider:1 | Entered Level 1 of the Spider Nest
 40813 | Spider:2 | Noticed Azrael
 41084 | Spider:1 | Reached XP level 18. HP: 95/170 MP: 20/20
 41472 | Spider:2 | Killed Azrael
 42973 | Spider:4 | Entered Level 4 of the Spider Nest
 44698 | Spider:4 | Got a gossamer rune of Zot
 45941 | Vaults:1 | Entered Level 1 of the Vaults
 45961 | Vaults:1 | Reached XP level 19. HP: 167/179 MP: 22/24
 46119 | Vaults:1 | Noticed a Tzitzimitl
 46310 | Vaults:1 | Reached skill level 5 in Spellcasting
 46775 | Vaults:1 | Noticed Donald
 46789 | Vaults:1 | Killed Donald
 47630 | Vaults:1 | Got a faintly humming shield
 47695 | Vaults:1 | Identified the +4 shield of Tego {rF+ rN+} (You took it off Donald on level 1 of the Vaults)
 48221 | Vaults:2 | Found a flickering gateway to a bazaar.
 48249 | Bazaar   | Entered a bazaar
 48253 | Bazaar   | Found Hegooggehu's Magic Scroll Boutique.
 48276 | Bazaar   | Found Opoperis's Magic Scroll Shoppe.
 48299 | Bazaar   | Found Dabotooz's Gadget Boutique.
 48317 | Bazaar   | Found Soom's Antique Armour Emporium.
 48466 | Bazaar   | Bought a scroll of identify for 24 gold pieces
 48466 | Bazaar   | Bought a scroll of fear for 42 gold pieces
 48466 | Bazaar   | Bought a scroll of amnesia for 42 gold pieces
 48466 | Bazaar   | Bought a scroll of identify for 24 gold pieces
 48466 | Bazaar   | Bought a scroll of teleportation for 36 gold pieces
 48466 | Bazaar   | Bought a scroll of enchant armour for 90 gold pieces
 48521 | Bazaar   | Bought a scroll of identify for 28 gold pieces
 48521 | Bazaar   | Bought a scroll of identify for 28 gold pieces
 48624 | Bazaar   | Bought the +2 cloak of the Thief {+Fog Slay-2 SInv Stlth+} for 301 gold pieces
 48626 | Bazaar   | Bought a pair of faintly humming gloves for 142 gold pieces
 48628 | Bazaar   | Identified the +2 pair of gloves of Opsu {rElec MP+9 Slay+3} (You bought it in a shop in a bazaar)
 48631 | Bazaar   | Bought a jewelled plate armour for 420 gold pieces
 48631 | Bazaar   | Bought a pair of runed gloves for 112 gold pieces
 48804 | Bazaar   | Identified the +10 plate armour "Heamieve" {*Slow rF++ Int+3} (You bought it in a shop in a bazaar)
 49811 | Vaults:2 | Found a roughly hewn altar of Beogh.
 49811 | Vaults:2 | Noticed Bai Suzhen
 51121 | Vaults:2 | Killed Bai Suzhen
 52051 | Vaults:2 | Reached XP level 20. HP: 191/191 MP: 28/28
 53199 | Vaults:3 | Identified Neris's Compendium of the Frostbite and Attacks
 53645 | Vaults:3 | Paralysed by fainting for 12 turns
 53869 | Vaults:3 | Found a staircase to the Crypt.
 54382 | Vaults:4 | Reached XP level 21. HP: 186/201 MP: 27/31
 54766 | Vaults:4 | Noticed Saint Roka
 55202 | Vaults:4 | Killed Saint Roka
 55654 | Crypt:1  | Entered Level 1 of the Crypt
 55986 | Crypt:1  | Found an ancient bone altar of Kikubaaqudgha.
 57736 | Crypt:3  | Entered Level 3 of the Crypt
 58810 | Crypt:3  | Paralysed by fainting for 8 turns
 58971 | Crypt:3  | Found a staircase to the Tomb.
 59587 | Crypt:3  | Found a basalt altar of Yredelemnul.
 60002 | Crypt:3  | Reached XP level 22. HP: 186/211 MP: 33/33
 61135 | Depths:1 | Entered Level 1 of the Depths
 61210 | Depths:1 | Found a gateway to a ziggurat.
 61261 | Depths:1 | Noticed Mara
 61298 | Depths:1 | Noticed equalderp2856's illusion
 61461 | Depths:1 | Killed Mara
 62148 | Depths:1 | Found a gateway to Hell.
 62828 | Depths:2 | Found a one-way gate to the infinite horrors of the Abyss.
 62928 | Depths:2 | Reached XP level 23. HP: 195/221 MP: 35/35
 62936 | Depths:2 | Noticed Asterion
 63198 | Depths:2 | Noticed Sojobo
 63428 | Depths:2 | Killed Sojobo
 63545 | Depths:2 | Reached skill level 10 in Spellcasting
 63862 | Depths:2 | Killed Asterion
 64374 | Depths:2 | Noticed a greater mummy
 64771 | Depths:2 | Killed a greater mummy
 65066 | Depths:2 | Noticed a greater mummy
 65909 | Depths:2 | Killed a greater mummy
 66071 | Depths:2 | Noticed a greater mummy
 66118 | Depths:2 | Killed a greater mummy
 66558 | Depths:2 | Found Kilabuh's Jewellery Boutique.
 66559 | Depths:2 | Found Jauwk's Gadget Emporium.
 66559 | Depths:2 | Found Fiyruck's Gadget Emporium.
 67008 | Depths:3 | Found a one-way gate leading to the halls of Pandemonium.
 67844 | Depths:3 | Reached XP level 24. HP: 208/230 MP: 36/36
 68561 | Depths:3 | Paralysed by a floating eye for 4 turns
 69249 | Depths:4 | Noticed the Enchantress
 69284 | Depths:3 | Killed the Enchantress
 69841 | Depths:4 | Found Owenoeri's Jewellery Boutique.
 69844 | Depths:4 | Found Ythytiaf's General Store.
 69846 | Depths:4 | Found Qugolegu's General Store.
 69856 | Depths:4 | Bought a potion of heal wounds for 60 gold pieces
 69856 | Depths:4 | Bought a scroll of teleportation for 36 gold pieces
 69858 | Depths:4 | Bought a scroll of identify for 24 gold pieces
 69860 | Depths:4 | Bought a scroll of identify for 28 gold pieces
 69860 | Depths:4 | Bought a scroll of identify for 28 gold pieces
 70235 | Depths:4 | Noticed a juggernaut
 70252 | Depths:4 | Killed a juggernaut
 70887 | Depths:5 | Entered Level 5 of the Depths
 71578 | Depths:5 | Reached XP level 25. HP: 240/241 MP: 37/37
 72300 | Depths:5 | Identified the +7 plate armour "Hoh Ylun" {Regen+} (You found it on level 5 of the Depths)
 72543 | Depths:5 | Found a gate to the Realm of Zot.
 73158 | Hell     | Entered the Vestibule of Hell
 73158 | Hell     | Noticed Geryon
 73430 | Hell     | Killed Geryon
 73455 | Hell     | Noticed Murray
 73611 | Hell     | Killed Murray
 73935 | Hell     | Found a gateway to the freezing wastes of Cocytus.
 73983 | Hell     | Found a gateway to the decaying netherworld of Tartarus.
 74029 | Hell     | Found a gateway to the ashen valley of Gehenna.
 74223 | Hell     | Found a gateway to the Iron City of Dis.
 74814 | Elf:1    | Entered Level 1 of the Elven Halls
 74814 | Elf:1    | Noticed Agnes
 74831 | Elf:1    | Killed Agnes
 74864 | Elf:1    | Found Wejiu's Jewellery Shop.
 74978 | Elf:1    | Noticed Nikola
 75004 | Elf:1    | Killed Nikola
 75470 | Elf:1    | Noticed Kirke
 75477 | Elf:1    | Killed Kirke
 75545 | Elf:1    | Found Bydwics's Food Boutique.
 76105 | Elf:2    | Found a ruined gateway.
 76179 | Desolati | Entered the Desolation of Salt
 76218 | Desolati | Reached XP level 26. HP: 252/252 MP: 38/38
 76360 | Desolati | Got a shimmering jade ring
 76372 | Desolati | Got a crude copper ring
 76375 | Desolati | Got a vibrating marble ring
 77029 | Desolati | Got a bound silver ring
 77045 | Desolati | Identified Lung's Guide on the Oath and Aid
 77271 | Desolati | Got a fine lead ring
 77274 | Desolati | Got a clouded copper ring
 77599 | Desolati | Paralysed by fainting for 5 turns
 77749 | Desolati | Got a pitted bardiche
 77752 | Desolati | Identified the +11 bardiche of Karma {chop, rElec Int-2 Stlth+} (You found it in the Desolation of Salt)
 77904 | Desolati | Identified the ring of Okuawker {rPois Stlth-} (You found it in the Desolation of Salt)
 77906 | Desolati | Identified the ring "Wowanyd" {rCorr +Fly} (You found it in the Desolation of Salt)
 77914 | Desolati | Identified the ring "Nikk" {*Slow rPois rF+ Str-2 Int+8} (You found it in the Desolation of Salt)
 77916 | Desolati | Identified the ring "Pausk" {rElec rC- MR+ Str+6 SInv} (You found it in the Desolation of Salt)
 77918 | Desolati | Identified the ring of Texis {Fire Dex-5 Slay+5} (You found it in the Desolation of Salt)
 77920 | Desolati | Identified the ring "Anuleida" {*Drain Str+2 Dex+2 SInv} (You found it in the Desolation of Salt)
 78279 | Elf:2    | Found a runed gate.
 78279 | Elf:2    | Found a runed gate.
 78280 | Elf:2    | Found a runed gate.
 78318 | Elf:2    | Reached skill level 27 in Axes
 78903 | Elf:2    | Paralysed by fainting for 8 turns
 78915 | Elf:2    | Paralysed by fainting for 8 turns
 79209 | Elf:3    | Entered Level 3 of the Elven Halls
 80770 | Elf:3    | Noticed Ijustatesigmund's ghost (adept HOFi)
 81016 | Elf:3    | Killed Ijustatesigmund's ghost
 81060 | Elf:3    | Reached XP level 27. HP: 260/264 MP: 38/39
 81479 | Elf:3    | Identified the Compendium of Dark Enchantment
 81601 | Elf:3    | Got a shimmering lead ring
 81609 | Elf:3    | Identified the ring "Rirchaq" {*Slow +Blink rF+ rC+ rN+} (You took it off a deep elf annihilator on level 3 of the Elven Halls)
 81766 | Elf:3    | Identified the Disquisition on Shifting Necromancy
 82214 | Elf:3    | Got an iridescent hunting sling
 82652 | Elf:3    | Got an uncursed transparent spear {flame}
 91625 | D:2      | Found an iron altar of Okawaru.
 92962 | D:4      | Paralysed by fainting for 7 turns
 93618 | D:6      | Paralysed by fainting for 11 turns
 96924 | Lair:1   | Paralysed by fainting for 9 turns
 97978 | D:13     | Got a slimy leather armour
103336 | Spider:4 | Paralysed by fainting for 12 turns
103622 | Lair:1   | Paralysed by fainting for 6 turns
103644 | Lair:1   | Paralysed by fainting for 9 turns
103693 | Lair:1   | Paralysed by fainting for 12 turns
104773 | Depths:2 | Bought an uncursed amulet of the gourmand for 420 gold pieces
110777 | Vaults:1 | Reached skill level 10 in Dodging
112379 | Vaults:3 | Got a warped falchion
115803 | Vaults:4 | Got a slimy leather armour
116816 | Vaults:1 | Reached skill level 27 in Shields
122715 | Crypt:3  | Got a fabulously ornate robe
123782 | Vaults:2 | Reached skill level 27 in Fighting
155151 | Lair:1   | Identified the +0 robe of Mutualism {rElec rC++} (You found it on level 3 of the Crypt)
155178 | Lair:1   | Identified the cursed +0 leather armour of the Teacher {+Fly rElec rC- Dex+5} (You found it on level 4 of the Vaults)
155295 | Lair:1   | Identified the +4 spear "Lidiol" {flame, rElec rC+++ Dex-2 SInv} (You took it off a deep elf high priest on level 3 of the Elven Halls)
155597 | Lair:1   | Identified the cursed +1 leather armour of the Hills {Int+2} (You found it on level 13 of the Dungeon)
156070 | Lair:1   | Learned a level 2 spell: Blink
156073 | Lair:1   | Learned a level 2 spell: Passwall
156075 | Lair:1   | Learned a level 1 spell: Infusion
157153 | Geh:1    | Entered Level 1 of Gehenna
157250 | Geh:1    | Reached skill level 1 in Translocations
158751 | Vaults:5 | Entered Level 5 of the Vaults
158775 | Vaults:4 | Reached skill level 5 in Translocations
159577 | Vaults:5 | Found Gompyabe's Weapon Shoppe.
159796 | Vaults:5 | Noticed an ancient lich
159822 | Vaults:5 | Reached skill level 10 in Translocations
159824 | Vaults:5 | Killed an ancient lich
160104 | Vaults:5 | Found Syin's Distillery.
160349 | Vaults:5 | Found Zeomano's Distillery.
160887 | Vaults:5 | Got a silver rune of Zot
160902 | Vaults:5 | Bought a potion of curing for 54 gold pieces
161074 | Vaults:5 | Found Nasiobu's Food Shop.
162568 | Vaults:5 | Got a crude broad axe {pain}
162660 | Vaults:5 | Identified the cursed +3 broad axe of a bazaar {pain, +Rage rC++ MR- Dex+2} (You took it off a vault sentinel on level 5 of the Vaults)
162890 | Vaults:5 | Paralysed by fainting for 7 turns
162905 | Vaults:5 | Paralysed by fainting for 12 turns
163151 | Vaults:5 | Got a pitted platinum ring
164348 | Vaults:5 | Got a sparkling tin ring
164354 | Vaults:5 | Got a crude longbow
165178 | Vaults:5 | Got a steaming silver ring
166163 | Vaults:5 | Identified the ring "Xauf" {+Fly rPois Dex+3 Stlth-} (You found it on level 5 of the Vaults)
166167 | Vaults:5 | Identified the ring "Asmekh" {rElec rF+ Str+4 Int+4} (You found it on level 5 of the Vaults)
166169 | Vaults:5 | Identified the ring "Enosmili" {rPois rC- MR++ EV+2 SInv} (You took it off a vault warden on level 5 of the Vaults)
169395 | Lair:1   | Paralysed by fainting for 8 turns
178509 | Depths:2 | Got a dull robe
180199 | Depths:2 | Noticed a juggernaut
180214 | Depths:2 | Killed a juggernaut
182073 | Depths:3 | Reached skill level 5 in Evocations
182084 | Depths:3 | Got an ichor-stained scale mail
182964 | Depths:3 | Got faerie dragon scales
184271 | Depths:3 | Identified the +5 robe "Bupher" {rF+ rC++} (You found it on level 3 of the Depths)
184279 | Depths:3 | Identified the +1 longbow "Dragonslayer" {speed, MR++ MP+9 Str-3 SInv} (You found it on level 3 of the Depths)
187635 | Depths:4 | Reached skill level 5 in Stealth
189551 | Depths:4 | Got a dazzling spear
190026 | Depths:1 | Identified the +2 spear "Isolit" {pierce, +Inv +Fly rPois Int+3} (You found it on level 4 of the Depths)
193785 | Depths:5 | Got a brightly glowing halberd
196154 | Depths:1 | Identified the +5 faerie dragon scales {rCorr HP+5 Dex+2} (You took it off the Enchantress on level 3 of the Depths)
196179 | Depths:1 | Identified the +5 robe "Zucustao" {rF+ rN+} (You took it off a tengu warrior on level 2 of the Depths)
199337 | Lair:1   | Identified the +6 longbow of Oraimax {venom, Dex+2} (You found it on level 5 of the Vaults)
200585 | Lair:1   | Identified the +5 falchion "Jipn" {drain, -Tele rPois rF+ Str+2} (You found it on level 3 of the Vaults)
201521 | Lair:1   | Identified the +0 scale mail of the Immovable Lies {rC+ Dex+4} (You found it on level 3 of the Depths)
202926 | Lair:1   | Identified the +10 halberd of Judgement {venom, rPois Int+2} (You found it on level 5 of the Depths)
205220 | Geh:1    | Gained mutation: [You do not regenerate when monsters are visible.] [mutagenic glow]
205252 | Hell     | Gained mutation: [You tend to lose your temper in combat.] [mutagenic glow]
206194 | Geh:1    | Reached skill level 10 in Evocations
209200 | Depths:2 | Voluntarily entered the Abyss.
209376 | Abyss:1  | Reached skill level 1 in Charms
209409 | Abyss:1  | Reached skill level 1 in Necromancy
210353 | Abyss:1  | Paralysed by accursed screaming for 1 turns
210831 | Abyss:1  | Reached skill level 5 in Charms
211225 | Abyss:1  | Gained mutation: [Your body sometimes deteriorates upon taking damage.] [a cacodemon]
211228 | Abyss:1  | Found a corrupted altar of Lugonu.
211265 | Abyss:1  | Found a corrupted altar of Lugonu.
211381 | Abyss:1  | Reached skill level 5 in Necromancy
212238 | Abyss:3  | Paralysed by you for 7 turns
212287 | Abyss:3  | Found a corrupted altar of Lugonu.
212538 | Abyss:3  | Gained mutation: Armour fits poorly on your strangely shaped body. [a neqoxec]
212648 | Abyss:3  | Got an abyssal rune of Zot
212674 | Abyss:3  | Gained mutation: You expend magic power (3 MP) to strengthen your wands. [a neqoxec]
212720 | Abyss:3  | Paralysed by accursed screaming for 1 turns
213033 | Abyss:4  | Got a translucent large shield
213066 | Abyss:4  | HP: 11/273 [starcursed mass/accursed screaming (11)]
213101 | Abyss:5  | Entered Level 5 of the Abyss
213123 | Abyss:5  | Gained mutation: [You are clumsy. (Dex -2)] [a neqoxec]
213173 | Abyss:5  | Gained mutation: [You occasionally shout uncontrollably at your foes.] [a neqoxec]
213200 | Abyss:5  | Reached skill level 10 in Charms
213589 | Abyss:5  | Found a corrupted altar of Lugonu.
213773 | Depths:2 | Escaped the Abyss
214105 | Vaults:5 | Bought a potion of mutation for 144 gold pieces
214126 | Vaults:5 | Lost mutation: You expend magic power (3 MP) to strengthen your wands. [potion of mutation]
214126 | Vaults:5 | Lost mutation: [You tend to lose your temper in combat.] [potion of mutation]
214126 | Vaults:5 | Lost mutation: [Your body sometimes deteriorates upon taking damage.] [potion of mutation]
214126 | Vaults:5 | Gained mutation: [You sometimes yell uncontrollably at your foes.] [potion of mutation]
214126 | Vaults:5 | Gained mutation: Your flesh is heat resistant. (rF+) [potion of mutation]
214131 | Vaults:5 | Bought a potion of mutation for 144 gold pieces
214135 | Vaults:5 | Lost mutation: [You sometimes yell uncontrollably at your foes.] [potion of mutation]
214135 | Vaults:5 | Lost mutation: [You are clumsy. (Dex -2)] [potion of mutation]
214135 | Vaults:5 | Lost mutation: [You do not regenerate when monsters are visible.] [potion of mutation]
214135 | Vaults:5 | Gained mutation: You can translocate small distances at will. [potion of mutation]
214135 | Vaults:5 | Gained mutation: [Scrolls take you a little longer to read.] [potion of mutation]
214135 | Vaults:5 | Gained mutation: Your flesh is very heat resistant. (rF++) [potion of mutation]
214383 | Lair:1   | Lost mutation: You can translocate small distances at will. [potion of mutation]
214383 | Lair:1   | Lost mutation: [You occasionally shout uncontrollably at your foes.] [potion of mutation]
214383 | Lair:1   | Lost mutation: Your flesh is very heat resistant. (rF++) [potion of mutation]
214383 | Lair:1   | Gained mutation: You are resistant to hostile enchantments. (MR+) [potion of mutation]
214383 | Lair:1   | Gained mutation: You expend magic power (3 MP) to strengthen your wands. [potion of mutation]
214383 | Lair:1   | Gained mutation: You are partially covered in yellow scales. (AC +2) [potion of mutation]
214542 | Slime:1  | Entered Level 1 of the Pits of Slime
214652 | Slime:2  | Gained mutation: [You tend to lose your temper in combat.] [a shining eye]
215379 | Slime:4  | Gained mutation: Your flesh is very heat resistant. (rF++) [a shining eye]
215729 | Slime:5  | Entered Level 5 of the Pits of Slime
215983 | Slime:5  | Noticed Monsterracer's ghost (adept DrTm)
216002 | Slime:5  | Killed Monsterracer's ghost
216034 | Slime:5  | Noticed the Royal Jelly
216238 | Slime:5  | Killed the Royal Jelly
216468 | Slime:5  | Got a slimy rune of Zot
216655 | Slime:5  | Got a dazzling scarf
216668 | Slime:5  | Identified the scarf "Koexkah" {-Tele rElec Str+6 Slay+6} (You found it on level 5 of the Pits of Slime)
216846 | Slime:5  | Identified the +6 large shield of Qumu {*Corrode Int+6} (You took it off a daeva on level 4 of the Abyss)
216884 | Slime:5  | Identified Sif Muna's Volume of Torrid Calling
216929 | Slime:5  | Identified a +0 pair of boots of running (You found it on level 5 of the Pits of Slime)
219438 | Slime:5  | Got an iridescent dagger
219440 | Slime:5  | Got a spiked leather armour
220227 | Slime:5  | Got an ichor-stained broad axe
221955 | Slime:1  | Gained mutation: [Potions are less effective at restoring your health.] [a shining eye]
221958 | Slime:1  | Lost mutation: You are partially covered in yellow scales. (AC +2) [a shining eye]
223106 | Lair:1   | Identified the +6 broad axe "Orb Guardian's Peril" {chaos, Dex+5} (You found it on level 5 of the Pits of Slime)
223841 | Depths:1 | Identified the +2 leather armour of Osugesm {*Corrode rElec MP+9 Int+2} (You found it on level 5 of the Pits of Slime)
225677 | Depths:2 | Voluntarily entered the Abyss.
225677 | Abyss:1  | Found a corrupted altar of Lugonu.
225734 | Abyss:1  | Noticed an ancient lich
225904 | Abyss:1  | Noticed an ancient lich
225945 | Abyss:1  | Killed an ancient lich
226258 | Abyss:1  | Killed an ancient lich
226623 | Abyss:2  | Paralysed by accursed screaming for 1 turns
226627 | Abyss:2  | Paralysed by accursed screaming for 2 turns
226893 | Abyss:3  | Reached skill level 15 in Charms
226968 | Abyss:3  | Found a corrupted altar of Lugonu.
227289 | Abyss:3  | Gained mutation: You are partially covered in thin metallic scales. (AC +2) [a neqoxec]
227656 | Abyss:3  | Gained mutation: [You are weak. (Str -2)] [a shining eye]
227987 | Abyss:4  | Gained mutation: [You are frail. (-10% HP)] [a neqoxec]
228196 | Abyss:4  | Paralysed by accursed screaming for 1 turns
228248 | Abyss:4  | Found a corrupted altar of Lugonu.
228272 | Abyss:4  | Found a corrupted altar of Lugonu.
228344 | Abyss:5  | Entered Level 5 of the Abyss
228348 | Abyss:5  | Got a brightly glowing arbalest
228629 | Abyss:5  | Gained mutation: [Scrolls take you longer to read.] [a neqoxec]
228634 | Abyss:5  | Gained mutation: [You are clumsy. (Dex -2)] [a neqoxec]
228710 | Abyss:5  | HP: 7/191 [starcursed mass/accursed screaming (17)]
228710 | Abyss:5  | HP: 3/191 [thrashing horror (4)]
228711 | Abyss:5  | Killed from afar by a starcursed mass

Skill      XL: |  1  2  3  4  5  6  7  8  9 10 11 12 13 14 15 16 17 18 19 20 21 22 23 24 25 26 27 |
---------------+----------------------------------------------------------------------------------+-----
Fighting       | 4 5 6 8 9 10 11 12 13 15 16 17 18 19 20 21 22 23 24 25 27 | 27.0
Shields        | 4 5 6 7 9 11 12 14 15 17 18 19 20 21 22 23 24 25 26 27 | 27.0
Axes           | 3 4 5 7 9 11 12 14 15 17 18 19 20 21 22 23 24 25 26 27 | 27.0
Armour         | 4 5 6 7 8 9 11 12 13 14 15 16 17 18 19 25 | 25.0
Dodging        | 1 2 3 4 5 6 7 8 9 11 | 11.1
Stealth        | 1 2 3 4 5 |  5.2
Polearms       | 2 3 4 5 |  5.4
Evocations     | 1 2 10 | 10.2
Spellcasting   | 2 4 6 7 8 9 10 11 12 13 14 | 14.2
Translocations | 12 | 12.2
Charms         | 16 | 16.9
Necromancy     | 8 |  8.4
Throwing       | |  0.4

Action                   |  1- 3 |  4- 6 |  7- 9 | 10-12 | 13-15 | 16-18 | 19-21 | 22-24 | 25-27 || total
-------------------------+-------+-------+-------+-------+-------+-------+-------+-------+-------++-------
Melee: War axe           |   118 |   100 |   419 |   333 |       |       |       |       |       ||   970
       Headbutt          |    22 |    18 |    86 |   136 |   283 |   490 |   668 |   612 |  2145 ||  4460
       Broad axe         |       |       |       |   302 |  1053 |  1604 |  1881 |  1761 |  7136 || 13737
       Trident           |       |       |       |    24 |    51 |       |       |       |    10 ||    85
       Battleaxe         |       |       |       |       |       |       |       |       |     4 ||     4
       Unarmed           |       |       |       |       |       |       |       |       |     2 ||     2
Throw: Tomahawk          |       |       |       |     2 |       |       |       |       |       ||     2
 Cast: Regeneration      |       |       |       |       |       |       |       |       |    91 ||    91
       Blink             |       |       |       |       |       |       |       |       |    28 ||    28
       Infusion          |       |       |       |       |       |       |       |       |     3 ||     3
 Abil: Evoke Flight      |       |       |       |       |       |     1 |       |       |    95 ||    96
       Stop Flying       |       |       |       |       |       |       |       |       |     2 ||     2
Evoke: Wand              |       |       |     2 |       |     8 |       |     5 |     4 |     3 ||    22
       Lamp of fire      |       |       |       |       |       |       |     4 |     2 |     7 ||    13
       Phial of floods   |       |       |       |       |       |       |     1 |     2 |     4 ||     7
  Use: Scroll            |       |     3 |     8 |    10 |    10 |    10 |     6 |     2 |    26 ||    75
       Potion            |       |       |     1 |     2 |       |     3 |     2 |       |    24 ||    32
 Stab: Distracted        |       |       |     1 |       |       |       |     1 |     1 |     2 ||     5
       Held in net/web   |       |       |       |     1 |       |       |       |       |       ||     1
       Petrified         |       |       |       |       |     3 |     5 |       |       |     2 ||    10
       Petrifying        |       |       |       |       |       |     2 |       |       |     3 ||     5
       Invisible         |       |       |       |       |       |       |       |       |     8 ||     8
       Paralysed         |       |       |       |       |       |       |       |       |     2 ||     2
       Confused          |       |       |       |       |       |       |       |       |     1 ||     1
  Eat: Chunk             |     1 |     4 |     9 |    25 |    31 |    37 |    23 |    21 |   332 ||   483
       Fruit             |       |     1 |     2 |     2 |     1 |       |     7 |    12 |    34 ||    59
       Royal jelly       |       |       |     2 |     3 |     5 |     5 |     8 |     3 |    12 ||    38
       Meat ration       |       |       |       |     1 |       |       |       |       |    21 ||    22
       Bread ration      |       |       |       |       |       |       |       |       |     6 ||     6
Armor: Scale mail        |    55 |    49 |    92 |       |       |       |       |       |     9 ||   205
       Chain mail        |       |       |    41 |   346 |   172 |       |       |       |       ||   559
       Skin              |       |       |    17 |       |       |       |       |       |     2 ||    19
       Plate armour      |       |       |       |       |   154 |   527 |    94 |       |  1718 ||  2493
       Storm dragon scal |       |       |       |       |       |       |   238 |   409 |    39 ||   686
       Troll leather arm |       |       |       |       |       |       |       |       |     2 ||     2
Dodge: Dodged            |    29 |    27 |   105 |   288 |   219 |   334 |   286 |   392 |  1726 ||  3406
       Deflected         |       |       |       |       |       |       |       |       |     2 ||     2
Block: Shield            |    57 |    45 |   166 |    26 |     6 |       |   991 |  1268 |  4266 ||  6825
       Reflection        |       |       |     5 |    74 |    65 |   173 |       |       |       ||   317
       Large shield      |       |       |       |   461 |   815 |  1709 |   192 |       |   499 ||  3676
       Other             |       |       |       |    25 |    10 |       |       |       |       ||    35
